 Dungeon Crawl Stone Soup version 0.29-a0-251-g80730f7218 (webtiles) character file.

Game seed: 16596591730712732481

3038 NoSkeletonsAllowed the Fighter (level 9, -16/78 HPs)
             Began as a Gnoll Wanderer on Mar 6, 2022.
             Was an Initiate of Yredelemnul.
             Killed themself with a badly aimed iceblast (18 damage)
             ... on level 6 of the Dungeon.
             The game lasted 00:47:54 (5555 turns).

NoSkeletonsAllowed the Fighter (Gnoll Wanderer)     Turns: 5555, Time: 00:47:55

Health: -16/78     AC: 23    Str: 16 (17) XL:     9   Next: 86%
Magic:  15/15      EV:  9    Int:  8 (10) God:    Yredelemnul [......]
Gold:   310        SH:  0    Dex: 20 (22) Spells: 17/17 levels left

rFire   + . .      SeeInvis +   F - +3 battleaxe (freeze)
rCold   . . .      Faith    .   (shield currently unavailable)
rNeg    + + +      Spirit   .   t - +11 chain mail of the Bells {rElec rN+ Dex+4 Slay-5}
rPois   +          Reflect  .   (no helmet)
rElec   +          Harm     .   v - +2 cloak {rCorr}
rCorr   +          Rampage  .   (no gloves)
Will    .....                   (no boots)
Stlth   ..........              C - amulet of regeneration
HPRegen 1.03/turn               h - ring of Hepliaklqana's Whim {*Corrode rPois rF+ rN++ SInv}
MPRegen 0.14/turn               E - +6 ring of dexterity

@: no status effects
A: fangs 1, strong nose, distributed training
a: Renounce Religion, Recall Undead Harvest


You were on level 6 of the Dungeon.
You worshipped Yredelemnul.
Yredelemnul was noncommittal.
You visited 2 branches of the dungeon, and saw 8 of its levels.

You collected 310 gold pieces.

Inventory:

Hand Weapons
 a - a +4 quarterstaff
 b - a +0 hand axe
 u - a +3 quarterstaff of chaos
 F - a +3 battleaxe of freezing (weapon)
Missiles
 m - 162 stones
 H - 5 javelins (quivered)
Armour
 c - a +0 leather armour
 d - a +2 robe of willpower
 e - a +0 plate armour
 g - a +1 scale mail
 s - a +0 cloak
 t - the +11 chain mail of the Bells (worn) {rElec rN+ Dex+4 Slay-5}
   (You found it on level 3 of the Dungeon)

   Dex:       It affects your dexterity (+4).
   Slay:      It affects your accuracy & damage with ranged weapons and melee
   (-5).
   rElec:     It insulates you from electricity.
   rN:        It protects you from negative energy.
 v - a +2 cloak of preservation (worn)
 B - a +3 leather armour
 G - a +0 tower shield
Jewellery
 h - the ring of Hepliaklqana's Whim (left hand) {*Corrode rPois rF+ rN++ SInv}
   (You found it on level 2 of the Dungeon)

   [ring of protection from fire]

   rF:        It protects you from fire.
   rPois:     It protects you from poison.
   rN:        It greatly protects you from negative energy.
   SInv:      It lets you see invisible.
   *Corrode:  It may corrode you when you take damage.
 l - a ring of wizardry
 C - an amulet of regeneration (around neck)
 E - a +6 ring of dexterity (right hand)
 J - a ring of wizardry
Wands
 A - a wand of paralysis (13)
 K - a wand of iceblast (3)
Scrolls
 f - a scroll of enchant armour
 i - a scroll of noise {unknown}
 r - 2 scrolls of teleportation
 z - a scroll of acquirement
 D - 3 scrolls of identify
Potions
 j - a potion of mutation
 k - 2 potions of attraction {unknown}
 o - a potion of lignification {unknown}
 w - a potion of magic {unknown}
 x - a potion of degeneration


   Skills:
 + Level 9.8 Fighting
 + Level 4.6 Short Blades
 + Level 4.6 Long Blades
 + Level 6.6 Axes
 + Level 4.6 Maces & Flails
 + Level 4.6 Polearms
 + Level 6.6 Staves
 + Level 4.6 Slings
 + Level 4.6 Bows
 + Level 4.6 Crossbows
 + Level 4.6 Throwing
 + Level 4.6 Armour
 + Level 4.6 Dodging
 + Level 5.2 Stealth
 + Level 4.6 Shields
 + Level 4.6 Unarmed Combat
 + Level 4.6 Spellcasting
 + Level 3.8 Conjurations
 + Level 3.8 Hexes
 + Level 3.8 Summonings
 + Level 3.8 Necromancy
 + Level 3.8 Translocations
 + Level 3.8 Transmutations
 + Level 3.8 Fire Magic
 + Level 3.8 Ice Magic
 + Level 3.8 Air Magic
 + Level 3.8 Earth Magic
 + Level 3.8 Poison Magic
 + Level 5.1 Invocations
 + Level 5.4 Evocations


You had 17 spell levels left.
You didn't know any spells.
Your spell library contained the following spells:

 Spells                   Type           Power      Damage    Failure   Level
 Animate Skeleton         Necr           16%        N/A       65%         1
 Pain                     Necr           32%        1d5       65%         1
 Sting                    Tmut/Pois      32%        1d4       65%         1
 Blink                    Tloc           16%        N/A       78%         2
 Ensorcelled Hibernation  Hex/Ice        16%        N/A       78%         2
 Lesser Beckoning         Tloc           8%         N/A       95%         3
 Spider Form              Tmut/Pois      8%         N/A       95%         3
 Stone Arrow              Conj/Erth      16%        3d8       95%         3
 Vampiric Draining        Necr           8%         2d6       95%         3
 Anguish                  Hex/Necr       4%         N/A       100%        4
 Animate Armour           Summ/Erth      16%        N/A       100%        4
 Agony                    Necr           8%         N/A       100%        5
 Excruciating Wounds      Necr           4%         N/A       100%        5
 Manifold Assault         Tloc           8%         N/A       100%        5
 Lehudib's Crystal Spear  Conj/Erth      4%         10d3      100%        8


Dungeon Overview and Level Annotations

Branches:
Dungeon (7/15)             Temple (1/1) D:5

Altars:
Cheibriados
Dithmenos
Elyvilon
Fedhas
Gozag
Hepliaklqana
Kikubaaqudgha
Makhleb
Nemelex Xobeh
Qazlal
Ru
Sif Muna
Trog
Wu Jian
Xom
Yredelemnul
The Shining One


Innate Abilities, Weirdness & Mutations

You have very sharp teeth.
Your uncanny sense of smell can sniff out nearby items.
Your experience applies equally to all skills.


Message History

The balrug gestures at you. Makhleb smites you!
There is a stone staircase leading up here.
Things that are here:
a +0 club; a +0 dagger; 5 poisoned darts You closely miss the hellwing.
You bite the hellwing, but do no damage.
The hellwing closely misses you. The hellwing hits you!
The hellwing swoops through the air toward you!
The hellwing hits you. The hellwing misses you.
The hellwing hits you but does no damage. x2
The balrug gestures at you. Makhleb smites you!
* * * LOW HITPOINT WARNING * * *
The hellwing hits you but does no damage. x2
You barely miss the hellwing.
The hellwing hits you but does no damage. x2
The balrug gestures at you. Makhleb smites you!
* * * LOW HITPOINT WARNING * * *
The balrug gestures at you. Makhleb smites you!
* * * LOW HITPOINT WARNING * * *
The hellwing swoops through the air toward you!
The hellwing hits you but does no damage. x2
Aiming: Paralyse
Press: ? - help, Q - select action, (/) - cycle Shift-Dir - straight line, f - balrug
Aim: a balrug, wielding a +2 demon whip of draining (durably summoned, chance to affect: 0%)
The balrug resists with almost no effort.
The hellwing completely misses you. The hellwing hits you.
* * * LOW HITPOINT WARNING * * *
Aiming: Iceblast
Press: ? - help, Q - select action, (/) - cycle Shift-Dir - straight line, p - balrug That beam is likely to hit you.
Continue anyway?
The mass of ice explodes!
The iceblast engulfs the balrug!!
The balrug is frozen!
The balrug is moderately wounded.
The iceblast engulfs you!!
You die...
Your body rises from the dead as a mindless zombie.

#....#
#....###########
##.###.........# #
#.# #...).....# # #.#
#.........## #
####.###..........# #
#.................###
#..#2###...........##
##.#@# #.........#..#
#..4##############..
##........#....####.
##.#####.#.##..###.
#.#####....##.....
###...).#...........
#....).............#
#.....)........).#..
#................##.


You could see a balrug and a hellwing.

Vanquished Creatures
  Pikel (D:6)
  A hellwing (D:6)
  Grinder (D:6)
  2 water moccasins
  2 orc warriors
  A sky beast (D:6)
  5 ogres
  A phantom (D:6)
  2 lemures (D:6)
  A bullfrog (D:6)
  A kobold brigand (D:6)
  2 scorpions (D:4)
  2 jellies
  A gnoll shaman (D:4)
  2 orc priests
  Crazy Yiuf (D:3)
  An iguana (D:6)
  Natasha (thrice) (D:2)
  6 orc wizards
  A kobold zombie (D:6)
  6 gnolls
  A spectral jelly (D:6)
  11 adders
  A white imp (D:6)
  2 worms
  3 dart slugs
  12 orcs
  10 endoplasms
  A giant cockroach (D:2)
  9 goblins
  7 hobgoblins
  5 ball pythons
  6 bats
  2 frilled lizards
  11 kobolds
  5 rats
129 creatures vanquished.

Vanquished Creatures (collateral kills)
  2 ice beasts
  A black bear (D:5)
  A centaur (D:5)
  A necrophage (D:5)
  A jelly (D:5)
  A gnoll (D:5)
  2 orcs (D:5)
9 creatures vanquished.

Vanquished Creatures (others)
  A water moccasin zombie (D:6)
  A centaur zombie (D:5)
  A sky beast zombie (D:6)
  An ogre zombie (D:6)
  A gnoll zombie (D:5)
  2 orc zombies
  A fungus (D:2)
  12 plants
20 creatures vanquished.

Grand Total: 158 creatures vanquished

Notes
Turn   | Place    | Note
-------+----------+-------------------------------------------
     0 | D:1      | NoSkeletonsAllowed the Gnoll Wanderer began the quest for
                  | the Orb.
     0 | D:1      | NoSkeletonsAllowed set off with the following items: a +3
                  | quarterstaff, a +0 hand axe, a +0 leather armour
     0 | D:1      | Reached XP level 1. HP: 26/26 MP: 1/1
    27 | D:1      | You fall into a shaft and drop 1 floor!
    27 | D:2      | Noticed Natasha
    32 | D:2      | Killed Natasha
    33 | D:2      | Reached XP level 2. HP: 10/33 MP: 2/2
    33 | D:2      | Reached XP level 3. HP: 12/38 MP: 3/3
   171 | D:2      | Noticed Natasha
   194 | D:2      | Killed Natasha
   195 | D:2      | Reached skill level 1 in Short Blades
   195 | D:2      | Reached skill level 1 in Long Blades
   195 | D:2      | Reached skill level 1 in Maces & Flails
   195 | D:2      | Reached skill level 1 in Polearms
   195 | D:2      | Reached skill level 1 in Slings
   195 | D:2      | Reached skill level 1 in Bows
   195 | D:2      | Reached skill level 1 in Crossbows
   195 | D:2      | Reached skill level 1 in Throwing
   195 | D:2      | Reached skill level 1 in Armour
   195 | D:2      | Reached skill level 1 in Dodging
   195 | D:2      | Reached skill level 1 in Shields
   195 | D:2      | Reached skill level 1 in Unarmed Combat
   195 | D:2      | Reached skill level 1 in Spellcasting
   195 | D:2      | Reached skill level 1 in Invocations
   447 | D:2      | Reached XP level 4. HP: 38/45 MP: 5/5
   670 | D:2      | Identified the ring of Hepliaklqana's Whim {*Corrode rPois
                  | rF+ rN++ SInv}
   688 | D:2      | Found a faded altar of an unknown god.
   697 | D:2      | Got Plato's Guide on Intoxication
   698 | D:2      | Prayed at the altar of an unknown god.
   698 | D:2      | Became a worshipper of Makhleb the Destroyer
   698 | D:2      | Reached * piety under Makhleb
   739 | D:2      | Noticed Natasha
   753 | D:2      | Killed Natasha
   754 | D:2      | Reached skill level 1 in Conjurations
   754 | D:2      | Reached skill level 1 in Hexes
   754 | D:2      | Reached skill level 1 in Summonings
   754 | D:2      | Reached skill level 1 in Necromancy
   754 | D:2      | Reached skill level 1 in Translocations
   754 | D:2      | Reached skill level 1 in Transmutations
   754 | D:2      | Reached skill level 1 in Fire Magic
   754 | D:2      | Reached skill level 1 in Ice Magic
   754 | D:2      | Reached skill level 1 in Air Magic
   754 | D:2      | Reached skill level 1 in Earth Magic
   754 | D:2      | Reached skill level 1 in Poison Magic
   915 | D:1      | Reached XP level 5. HP: 51/51 MP: 6/6
  1166 | D:1      | Reached ** piety under Makhleb
  1883 | D:3      | Identified the +11 chain mail of the Bells {rElec rN+ Dex+4
                  | Slay-5}
  1975 | D:3      | Found a runed translucent door.
  1976 | D:3      | Noticed Crazy Yiuf
  2059 | D:3      | Killed Crazy Yiuf
  2308 | D:3      | Reached XP level 6. HP: 47/57 MP: 8/8
  2543 | D:3      | Noticed an orc warrior
  2602 | D:3      | Reached skill level 5 in Axes
  2602 | D:3      | Reached skill level 5 in Staves
  2608 | D:3      | Killed an orc warrior
  3142 | D:4      | Reached *** piety under Makhleb
  3143 | D:4      | Reached XP level 7. HP: 43/63 MP: 10/10
  3715 | D:5      | Entered Level 5 of the Dungeon
  3725 | D:5      | Reached skill level 9 in Fighting
  3733 | D:5      | Found a shimmering altar of Xom.
  3768 | D:5      | Reached XP level 8. HP: 71/71 MP: 12/12
  3783 | D:5      | Found a staircase to the Ecumenical Temple.
  3801 | Temple   | Entered the Ecumenical Temple
  3873 | Temple   | Fell from the grace of Makhleb
  3873 | Temple   | Became a worshipper of Yredelemnul the Dark
  4013 | D:5      | Found a shimmering blue altar of Sif Muna.
  4266 | D:5      | Reached * piety under Yredelemnul
  4312 | D:5      | Noticed a hellwing
  4644 | D:6      | Identified 2 scrolls of acquirement
  4644 | D:6      | Acquired a +2 battleaxe of freezing
  4675 | D:6      | Reached XP level 9. HP: 77/77 MP: 14/14
  4720 | D:6      | Noticed Pikel
  4722 | D:6      | Noticed Grinder
  4740 | D:6      | Paralysed by Grinder for 4 turns
  4746 | D:6      | Killed Pikel
  4747 | D:6      | Reached skill level 5 in Evocations
  4778 | D:6      | Paralysed by Grinder for 6 turns
  4785 | D:6      | Killed Grinder
  4786 | D:6      | Reached skill level 5 in Stealth
  4801 | D:6      | HP: 3/78 [hellwing[the fury of Makhleb] (5)]
  5065 | D:6      | Killed a hellwing
  5139 | D:6      | Reached skill level 5 in Invocations
  5516 | D:6      | Noticed a balrug
  5516 | D:6      | Noticed a hellwing
  5554 | D:6      | HP: 2/78 [hellwing[the fury of Makhleb] (6)]
  5555 | D:6      | Killed themself with a badly aimed iceblast

Illustrated notes

Levels and vault maps discovered:
D:1:      minmay_arrival_cross, layout_loops_ring, minmay_misc_feat_five,
          chequers_big_river
D:2:      minmay_wonky_spiral, layout_loops_corners,
          shapermc_ecumenical_altar_rom_forum, minivault_14, uniq_natasha
D:3:      minmay_thinvault, layout_rooms, uniq_crazy_yiuf_cottage
D:4:      layout_basic, minmay_statues_item
D:5:      layout_cave_pools, xom_teletrap_fun, nicolae_vehumet_altar_sigil,
          nicolae_sif_muna_little_library, minmay_temple_entry_waves,
          kennysheep_generic_room_14
D:6:      layout_rooms, hangedman_decor_peaks_small, kennysheep_potato,
          uniq_grinder, uniq_pikel
D:7:      layout_cave_pools, enter_bailey_3, serial_bayou_lagoon_a,
          nicolae_shop_fire_sale [nicolae_sub_dead_trees]
Temple:   eino_temple_lava

Skill      XL: |  1  2  3  4  5  6  7  8  9 |
---------------+----------------------------+-----
Short Blades   | 1 2 3 4 |  4.6
Long Blades    | 1 2 3 4 |  4.6
Maces & Flails | 1 2 3 4 |  4.6
Polearms       | 1 2 3 4 |  4.6
Slings         | 1 2 3 4 |  4.6
Bows           | 1 2 3 4 |  4.6
Crossbows      | 1 2 3 4 |  4.6
Throwing       | 1 2 3 4 |  4.6
Armour         | 1 2 3 4 |  4.6
Dodging        | 1 2 3 4 |  4.6
Shields        | 1 2 3 4 |  4.6
Unarmed Combat | 1 2 3 4 |  4.6
Spellcasting   | 1 2 3 4 |  4.6
Invocations    | 1 2 3 4 5 |  5.1
Conjurations   | 1 2 3 |  3.8
Hexes          | 1 2 3 |  3.8
Summonings     | 1 2 3 |  3.8
Necromancy     | 1 2 3 |  3.8
Translocations | 1 2 3 |  3.8
Transmutations | 1 2 3 |  3.8
Fire Magic     | 1 2 3 |  3.8
Ice Magic      | 1 2 3 |  3.8
Air Magic      | 1 2 3 |  3.8
Earth Magic    | 1 2 3 |  3.8
Poison Magic   | 1 2 3 |  3.8
Evocations     | 3 4 5 |  5.4
Stealth        | 3 4 5 |  5.2
Axes           | 5 6 |  6.6
Staves         | 5 6 |  6.6
Fighting       | 9 |  9.8

Action                   |  1- 3 |  4- 6 |  7- 9 || total
-------------------------+-------+-------+-------++-------
Melee: Quarterstaff      |    18 |   219 |   244 ||   481
       Bite              |       |    16 |    46 ||    62
       Battleaxe         |       |       |   109 ||   109
Throw: Stone             |       |    11 |     1 ||    12
Invok: Minor Destruction |       |     5 |       ||     5
       Lesser Servant of |       |       |     1 ||     1
       Recall Undead Har |       |       |     1 ||     1
Evoke: Wand              |       |       |    13 ||    13
  Use: Scroll            |       |     3 |    10 ||    13
       Potion            |       |     4 |     5 ||     9
 Stab: Paralysed         |       |       |     3 ||     3
       Distracted        |       |       |     5 ||     5
Armor: Leather armour    |     5 |     3 |       ||     8
       Scale mail        |       |    29 |       ||    29
       Chain mail        |       |   137 |   529 ||   666
Dodge: Dodged            |    12 |    90 |   286 ||   388

Table legend: (Time is in decaauts)
 A = Elapsed time spent in this place.
 B = Non-inter-level travel time spent in this place.
 C = Inter-level travel time spent in this place.
 D = Time resting spent in this place.
 E = Time spent auto-exploring this place.
 F = Levels seen in this place.
 G = Mean time per level.
                   A        B        C        D        E       F      G
               +--------+--------+--------+--------+--------+-----+--------+
         Total |   5614 |   5614 |      0 |    705 |   1232 |   8 |  701.8 |
       Dungeon |   5491 |   5491 |      0 |    705 |   1232 |   7 |  784.4 |
        Temple |    122 |    122 |      0 |      0 |      0 |   1 |  122.0 |
               +--------+--------+--------+--------+--------+-----+--------+

Top non-repeatable levels by time:
     D:3: 1288 daAuts
     D:6: 1020 daAuts
     D:2: 998 daAuts
     D:1: 880 daAuts
     D:4: 725 daAuts
     D:5: 550 daAuts
  Temple: 122 daAuts
     D:7: 28 daAuts
